 Dungeon Crawl Stone Soup version 0.29.0 (webtiles) character file.

Game seed: 12513121164352405306

21 bonscott the Grave Robber (level 2, -1/15 HPs)
             Began as a Deep Elf Necromancer on Sept 11, 2022.
             Succumbed to a goblin's poison
             ... on level 1 of the Dungeon.
             The game lasted 00:03:43 (567 turns).

bonscott the Grave Robber (Deep Elf Necromancer)     Turns: 567, Time: 00:03:44

Health: -1/15      AC:  5    Str:  5    XL:     2   Next: 65%
Magic:  6/8        EV: 12    Int: 19    God:
Gold:   14         SH:  0    Dex: 15    Spells: 7/8 levels left

rFire   . . .      SeeInvis .   i - +0 falchion
rCold   . . .      Faith    .   (no shield)
rNeg    . . .      Spirit   .   a - +0 robe
rPois   .          Reflect  .   h - +2 helmet
rElec   .          Harm     .   (no cloak)
rCorr   .          Rampage  .   (no gloves)
Will    .....                   (no boots)
Stlth   ++........              (no amulet)
HPRegen 0.05/turn               (no ring)
MPRegen 0.11/turn               (no ring)

@: lethally poisoned (-1 -> -12)
A: no striking features
a: no special abilities


You were on level 1 of the Dungeon.
You visited 1 branch of the dungeon, and saw 2 of its levels.

You collected 14 gold pieces.

Inventory:

Hand Weapons
 d - a +0 short sword
 i - a +0 falchion (weapon)
Missiles
 g - 4 stones
Armour
 a - a +0 robe (worn)
 h - a +2 helmet (worn)
Potions
 b - a potion of magic
 c - a potion of resistance {unknown}
 e - a potion of heal wounds {unknown}
 f - a potion of ambrosia {unknown}


   Skills:
 - Level 2.4 Dodging
 - Level 2.4 Stealth
 + Level 3.8 Spellcasting
 + Level 5.3 Necromancy


You had 7 spell levels left.
You knew the following spells:

 Your Spells              Type           Power      Damage    Failure   Level
i - Necrotise             Necr           96%        1d8       1%          1

Your spell library contained the following spells:

 Spells                   Type           Power      Damage    Failure   Level
 Vampiric Draining        Necr           24%        2d7       4%          3
 Animate Dead             Necr           24%        N/A       16%         4
 Agony                    Necr           24%        N/A       38%         5


Dungeon Overview and Level Annotations

Branches:
Dungeon (2/15)

Altars:


Message History

You start resting.
Magic restored.
There is a stone staircase leading down here.
You climb downwards.
Your mindless puppet stays behind to rot.
The goblin hits you with a +1 dagger of venom.
You are lethally poisoned!
The goblin closely misses you.
There is a stone staircase leading up, spattered with blood here.
Unknown command.
You feel very sick. The goblin hits you but does no damage.
You are more poisoned.
The goblin closely misses you.
You climb upwards.
* * * LOW HITPOINT WARNING * * *
You feel very sick.
Robin crumbles into dust!
There is a stone staircase leading down here.
You are too injured to fight recklessly!
You are too injured to fight recklessly!
You are too injured to fight recklessly!
Casting: Necrotise (safe; 1% risk of failure)
Confirm with . or Enter, or press ? or * to list all spells.
Aiming: Necrotise (safe; 1% risk of failure)
Press: ? - help, Shift-Dir - straight line, f - goblin
Aim: a goblin, wielding a +0 dagger (chance to affect: 92%)
The goblin writhes in agony.
* * * LOW HITPOINT WARNING * * *
You feel very sick. The goblin misses you. The goblin closely misses you.
Casting: Necrotise (safe; 1% risk of failure)
Confirm with . or Enter, or press ? or * to list all spells.
Aiming: Necrotise (safe; 1% risk of failure)
Press: ? - help, Shift-Dir - straight line, f/p - goblin
Aim: a goblin, wielding a +0 dagger (severely wounded, chance to affect: 92%)
The goblin writhes in agony!
You kill the goblin!
The dead are walking!
You die...

### ### ### #.# #.#
#.# #.# #.# #.# ##
#######.# #.# #.# #.
......^.# #.# #.# #.
#######.####.# #.#
###. ........)@g..#
#.# #.#.
#.#####.[###[# #.#
#.#. #Z.# #.# #)#
#... #..###.#
#.####...
#......#####........
#..###..............
#..# #..####....#...
#..# #..# #....#...
#..# #..# #....#...


You could see a goblin (ally target) and a friendly goblin skeleton.

Vanquished Creatures
  Robin (D:1)
  An endoplasm (D:1)
  A giant cockroach (D:1)
  3 goblins
  A hobgoblin (D:2)
  3 kobolds
  A rat (D:1)
11 creatures vanquished.

Notes
Turn   | Place    | Note
-------+----------+-------------------------------------------
     0 | D:1      | bonscott the Deep Elf Necromancer began the quest for the
                  | Orb.
     0 | D:1      | Reached XP level 1. HP: 10/10 MP: 6/6
   200 | D:1      | Reached skill level 5 in Necromancy
   469 | D:2      | Noticed Robin
   470 | D:2      | Reached XP level 2. HP: 15/15 MP: 5/8
   538 | D:1      | Killed Robin
   567 | D:1      | Succumbed to a goblin's poison

Illustrated notes

Levels and vault maps discovered:
D:1:      sevenhm_arrival_forest_fort_small_6, layout_basic,
          ebering_ecumenical_altar_abandoned, hangedman_decor_points
D:2:      layout_rooms, serial_rivers, chequers_serial_rivers_micro_b,
          chequers_serial_rivers_large_a, chequers_serial_rivers_small_3,
          chequers_serial_rivers_micro_d, chequers_serial_rivers_micro_e,
          chequers_serial_rivers_marsh, uniq_robin, uniq_crazy_yiuf_cottage

Skill      XL: |  1 |
---------------+----+-----
Necromancy     | 5 |  5.3
Dodging        | |  2.4
Stealth        | |  2.4
Spellcasting   | |  3.8

Action                   || total
-------------------------++-------
 Cast: Necrotise         ||    22
Armor: Robe              ||     2
Dodge: Dodged            ||     7
